 Dungeon Crawl Stone Soup version 0.20-a0-537-g052e6ba (webtiles) character file.

62 Alarkh the Skirmisher (level 3, -2/43 HPs)
             Began as a Demonspawn Monk on Jan 28, 2017.
             Slain by a hobgoblin
             ... wielding a +0 club
             ... led by Robin
              (5 damage)
             ... on level 2 of the Dungeon.
             The game lasted 00:01:33 (1130 turns).

Alarkh the Skirmisher (Demonspawn Monk)             Turns: 1130, Time: 00:01:34

Health: -2/43      AC: 21    Str: 10 (11) XL:     3   Next: 85%
Magic:  3/3        EV:  2    Int: 10 (12) God:
Gold:   68         SH:  0    Dex: 13 (15) Spells: 2/2 levels left

rFire    . . .     SeeInvis .   a - +0 hand axe
rCold    . . .     Gourm    .   (armour currently unavailable)
rNeg     + + +     Faith    .   (no shield)
rPois    +         Spirit   .   (helmet currently unavailable)
rElec    .         Reflect  .   (cloak currently unavailable)
rCorr    .         Harm     .   (gloves currently unavailable)
MR       .....     NoTele   +   (boots currently unavailable)
Stlth    +++.......             (no amulet)
Regen    0.2/turn               (no ring)
                                (no ring)

@: lethally poisoned (-2 -> -3), tree-form
A: nightstalker 1
a: no special abilities


You were on level 2 of the Dungeon.
You were not hungry.
You were a tree.
You visited 1 branch of the dungeon, and saw 2 of its levels.

You collected 68 gold pieces.

Inventory:

Hand Weapons
 a - a +0 hand axe (weapon)
Armour
 b - a +0 robe (melded)
Scrolls
 d - 2 scrolls of noise {unknown}
 h - a scroll of teleportation {unknown}
 i - 3 scrolls of random uselessness {unknown}
 k - 3 scrolls of fear {unknown}
Potions
 g - a potion of lignification
Comestibles
 c - a bread ration
 f - 3 chunks of flesh
 j - a meat ration
 l - a fruit


   Skills:
 + Level 3.6 Fighting
 + Level 3.3 Axes
 + Level 3.1 Dodging
 + Level 2.1 Stealth


You had 2 spell levels left.
You didn't know any spells.

Dungeon Overview and Level Annotations

Branches:
Dungeon (2/15)

Altars:

Annotations:
D:2 Robin


Innate Abilities, Weirdness & Mutations

You are slightly more attuned to the shadows.


Message History

The goblin is moderately wounded.
The hobgoblin no longer looks unusually strong. x2
The goblin hits you but does no damage. Robin hits you from afar with a spear.
* * * LOW HITPOINT WARNING * * *
A leopard gecko comes into view.
You barely miss the goblin.
The goblin is moderately wounded.
Robin throws the goblin at you! The goblin hits you with a club.
* * * LOW HITPOINT WARNING * * *
You hit the hobgoblin but do no damage. You closely miss the goblin.
You feel sick. Robin hits you from afar with a spear.
* * * LOW HITPOINT WARNING * * *
The goblin hits you but does no damage. The hobgoblin hits you with a club.
* * * LOW HITPOINT WARNING * * *
Robin roars a battlecry!
The hobgoblins go into a battle-frenzy!
You barely miss the hobgoblin. You hit the goblin.
You kill the goblin!
The hobgoblin hits you with a club.
You die...

# #........# #
##.....#.# ####.....#.#
.........#.#
########.#.#
.........#.# ###
#####..###.# .... ###
#..# #.#######..... ..#
#..###..l(.)♣gg....
#####.........####g....
.............÷...+ ....
#######.......####. ..!
'. #..>......... #. ###
#.......##### .#
#.......(.... ..
#............
#.####.##.....


You could see Robin, a leopard gecko and 2 hobgoblins.

Vanquished Creatures
  3 adders (D:2)
  2 giant cockroaches (D:1)
  3 hobgoblins
  4 jackals (D:1)
  5 bats
  2 frilled lizards
  9 goblins (D:2)
  2 kobolds (D:1)
  4 rats
34 creatures vanquished.

Notes
Turn   | Place    | Note
-------+----------+-------------------------------------------
     0 | D:1      | Alarkh the Demonspawn Monk began the quest for the Orb.
     0 | D:1      | Reached XP level 1. HP: 18/18 MP: 1/1
   432 | D:1      | Gained mutation: You are slightly more attuned to the shadows. [demonic ancestry]
   432 | D:1      | Reached XP level 2. HP: 13/24 MP: 2/2
   952 | D:2      | Reached XP level 3. HP: 21/29 MP: 3/3
  1107 | D:2      | Noticed Robin
  1130 | D:2      | Slain by a hobgoblin

Vault maps used:
D:1:      scummos_arrival_simple_fountains
D:2:      gammafunk_temple_overflow_statue, uniq_terence, uniq_jessica,
          uniq_robin

Skill      XL: |  1  2 |
---------------+-------+-----
Axes           | 3 |  3.3
Dodging        | 3 |  3.1
Stealth        | 2 |  2.1
Fighting       | |  3.6

Action                   || total
-------------------------++-------
Melee: Hand axe          ||    88
  Use: Potion            ||     2
 Stab: Sleeping          ||     2
  Eat: Chunk             ||     1
Armor: Robe              ||    13
       Skin              ||    23
Dodge: Dodged            ||    54
